 Dungeon Crawl Stone Soup version 0.19.1-1-g22dce08 (webtiles) character file.

1024 dngmouse the Chopper (level 8, 0/76 HPs)
             Began as a Deep Dwarf Fighter on Jan 11, 2017.
             Slain by a quasit (1 damage)
             ... summoned by a kobold demonologist
             ... on level 6 of the Dungeon.
             The game lasted 00:16:33 (3545 turns).

dngmouse the Chopper (Deep Dwarf Fighter)           Turns: 3545, Time: 00:16:33

Health: 0/76       AC:  9    Str: 21      XL:     8   Next: 2%
Magic:  10/10      EV:  5    Int: 10      God:
Gold:   275        SH:  9    Dex:  6 (12) Spells: 0 memorised, 7 levels left

rFire  . . .     SeeInvis .     a - +1 war axe
rCold  . . .     Gourm    .     r - +0 chain mail
rNeg   . . .     Faith    .     c - +1 shield
rPois  +         Spirit   .     (no helmet)
rElec  .         Reflect  .     (no cloak)
rCorr  .         Harm     .     (no gloves)
MR     +....                    (no boots)
Stlth  ..........               (no amulet)
                                (no ring)
                                (no ring)

@: non-regenerating, drained
A: damage resistance, recharge devices, camouflage 1, low mp 1, sense
surroundings 1, poison resistance, slow regeneration 3
a: Device Recharging


You were on level 6 of the Dungeon.
You were not hungry.

You visited 1 branch of the dungeon, and saw 6 of its levels.

You collected 275 gold pieces.

Inventory:

Hand Weapons
 a - a +1 war axe (weapon)
Missiles
 q - 2 javelins (quivered)
Armour
 c - a +1 shield (worn)
 r - a +0 chain mail (worn)
Jewellery
 g - an uncursed ring of protection from magic
Wands
 e - a wand of heal wounds (0/9)
Scrolls
 h - 11 scrolls of remove curse
 i - 6 scrolls of identify
 j - a scroll of enchant armour
 m - a scroll of fog
 o - a scroll of blinking
Potions
 n - 2 potions of curing
Books
 s - a book of Minor Magic

   Spells                             Type                      Level
   a - Magic Dart                     Conjuration                  1
   b - Blink                          Translocation                2
   c - Call Imp                       Summoning                    2
   d - Repel Missiles                 Charms/Air                   2
   e - Slow                           Hexes                        2
   f - Conjure Flame                  Conjuration/Fire             3
   g - Mephitic Cloud                 Conjuration/Poison/Air       3
Comestibles
 d - 4 fruits
 f - 4 bread rations
 l - 3 chunks of flesh
 p - a meat ration


   Skills:
 + Level 6.1(5.1) Fighting
 + Level 6.6(5.6) Axes
 + Level 4.1(3.2) Armour
 - Level 3.2(2.4) Shields
 * Level 4.3(3.4) Evocations


You had 7 spell levels left.
You didn't know any spells.

Dungeon Overview and Level Annotations

Branches:
Dungeon (6/15)
 Temple: D:4-7

Altars:
Ashenzari
Kikubaaqudgha
Uskayaw

Annotations:
D:5 Edmund


Innate Abilities, Weirdness & Mutations

You are resistant to damage.
You can recharge devices by infusing magical energy.
You passively map a small area around you.
You do not regenerate.
Your skin changes colour to match your surroundings (Stealth+).
Your magical capacity is low. (-10% MP)
Your system is resistant to poisons. (rPois)


Message History

The kobold demonologist is severely wounded.
You miss the crimson imp.
Your shield and chain mail prevent you from hitting the neqoxec.
You closely miss the quasit. You block the quasit's attack.
The quasit claws you.
You feel clumsy. The quasit claws you.
The crimson imp summons a swarm of flies.
You block the crimson imp's attack. The neqoxec barely misses you.
You block the kobold demonologist's attack.
You closely miss the kobold demonologist.
The kobold demonologist is severely wounded.
You miss the quasit. You closely miss the neqoxec. You slash the crimson imp!
The quasit bites you but does no damage.
The quasit claws you but does no damage.
You block the quasit's attack. The crimson imp hits you. The neqoxec hits you!
* * * LOW HITPOINT WARNING * * *
The kobold demonologist mumbles some strange words.
The quasit bites you.
You die...

* * , , , * #,,
, * * #.** * , *
* ,4# ## * s#4 ,
* #K# * ,
*####@## , , ,
#..535## *
#.###..# * ..,
#..# #.
#..####..,* , #
#........
#.#####..###...
#........# #....
,
#######..###....
,


You could see an orange demon, a kobold demonologist, a neqoxec, a red devil, a
scorpion, a quasit and a crimson imp.

Vanquished Creatures
  The ghost of pib the Shooter, an amateur HEHu (D:5)
  The ghost of Paps the Skirmisher, an amateur DsFi (D:3)
  2 ice beasts
  A scorpion (D:5)
  A howler monkey (D:5)
  3 crimson imps
  A jelly (D:5)
  An orc priest (D:5)
  An orc wizard (D:4)
  2 worker ants (D:6)
  Terence (D:2)
  A hound skeleton (D:5)
  A worker ant zombie (D:5)
  A gnoll (D:5)
  6 adders
  An ooze (D:3)
  An adder zombie (D:6)
  2 worms
  A dart slug (D:3)
  6 leopard geckos
  9 orcs
  3 bats
  2 giant cockroaches
  4 goblins
  4 hobgoblins
  6 jackals
  A quokka (D:2)
  A frilled lizard (D:1)
  4 rats
69 creatures vanquished.

Notes
Turn   | Place    | Note
-------+----------+-------------------------------------------
     0 | D:1      | dngmouse the Deep Dwarf Fighter began the quest for the Orb.
     0 | D:1      | Reached XP level 1. HP: 20/20 MP: 1/1
   392 | D:1      | Reached XP level 2. HP: 27/27 MP: 2/2
   719 | D:2      | Noticed Terence
   729 | D:2      | Killed Terence
   729 | D:2      | Reached XP level 3. HP: 34/34 MP: 3/3
  1149 | D:2      | Reached XP level 4. HP: 40/44 MP: 4/4
  1414 | D:3      | Noticed Paps's ghost (amateur DsFi)
  1427 | D:3      | Killed Paps's ghost
  1427 | D:3      | Reached XP level 5. HP: 26/51 MP: 5/5
  1879 | D:3      | Found a shattered altar of Ashenzari.
  1920 | D:4      | Noticed a dagger
  1920 | D:4      | Noticed a hand axe
  1922 | D:4      | Found a hide-covered altar of Uskayaw.
  2707 | D:5      | Entered Level 5 of the Dungeon
  2712 | D:5      | Noticed pib's ghost (amateur HEHu)
  2712 | D:5      | Gained mutation: Your magical capacity is low. (-10% MP) [potion of mutation]
  2712 | D:5      | Gained mutation: Your skin changes colour to match your surroundings (Stealth+). [potion of mutation]
  2712 | D:5      | Gained mutation: Your system is resistant to poisons. (rPois) [potion of mutation]
  2746 | D:5      | Killed pib's ghost
  2746 | D:5      | Reached skill level 5 in Fighting
  2746 | D:5      | Reached skill level 5 in Axes
  2746 | D:5      | Reached XP level 6. HP: 9/61 MP: 5/5
  2867 | D:4      | Reached XP level 7. HP: 21/67 MP: 6/6
  3002 | D:5      | Reached skill level 1 in Evocations
  3230 | D:5      | Found an ancient bone altar of Kikubaaqudgha.
  3234 | D:5      | Noticed Edmund
  3458 | D:6      | Reached XP level 8. HP: 25/76 MP: 10/10
  3523 | D:6      | Noticed a kobold demonologist
  3525 | D:6      | Noticed a red devil
  3527 | D:6      | Noticed a sixfirhy
  3544 | D:6      | Noticed a red devil
  3545 | D:6      | HP: 1/76 [neqoxec[a kobold demonologist] (6)]
  3545 | D:6      | Slain by a quasit

Skill      XL: |  1  2  3  4  5  6  7 |
---------------+----------------------+-----
Fighting       | 3 4 5 6 |  6.1
Axes           | 3 4 5 6 |  6.6
Evocations     | 4 |  4.3
Armour         | 4 |  4.1
Shields        | |  3.2

Action                   |  1- 3 |  4- 6 |  7- 9 || total
-------------------------+-------+-------+-------++-------
Melee: War axe           |    66 |   116 |   149 ||   331
Throw: Javelin           |       |     1 |       ||     1
Evoke: Wand              |       |     2 |     3 ||     5
  Use: Potion            |     1 |     7 |       ||     8
       Scroll            |       |       |     9 ||     9
  Eat: Chunk             |       |     6 |     3 ||     9
Armor: Scale mail        |    28 |    27 |    48 ||   103
       Skin              |       |    21 |       ||    21
       Chain mail        |       |       |    52 ||    52
Dodge: Dodged            |    20 |    26 |    41 ||    87
Block: Shield            |    38 |    47 |    81 ||   166
